 Dungeon Crawl Stone Soup version 0.31-a0-1467-g53b6572822 (webtiles) character file.

Game seed: 16932845323477388329

1000 graki42 the Magician (level 8, 0/41 HPs)
             Began as a Deep Elf Alchemist on Dec 28, 2023.
             Killed by divine providence
             ... invoked by an orc priest
              (16 damage)
             ... on level 5 of the Dungeon.
             The game lasted 00:19:56 (5369 turns).

graki42 the Magician (Deep Elf Alchemist)           Turns: 5369, Time: 00:19:57

Health: 0/41       AC:  5    Str:  7    XL:     8   Next: 0%
Magic:  10/19      EV: 13    Int: 21    God:
Gold:   313        SH:  0    Dex: 15    Spells: 6/19 levels left

rFire   . . .        t - +3 quarterstaff (chaos)
rCold   . . .        (shield currently unavailable)
rNeg    . . .        a - +0 robe
rPois   .            (no helmet)
rElec   .            u - +1 cloak
rCorr   .            y - +0 pair of gloves
SInv    .            (no boots)
Will    .....        (no amulet)
Stlth   ++           (no ring)
HPRegen 0.26/turn    (no ring)
MPRegen 0.16/turn

%: no passive effects
@: no status effects
A: no striking features
a: no special abilities


You were on level 5 of the Dungeon.
You visited 1 branch of the dungeon, and saw 5 of its levels.

You collected 313 gold pieces.

Inventory:

Hand Weapons
 t - a +3 quarterstaff of chaos (weapon)
Armour
 a - a +0 robe (worn)
 u - a +1 cloak (worn)
 y - a +0 pair of gloves (worn)
Jewellery
 g - a +6 ring of intelligence
 w - a ring of ice
Wands
 r - a wand of polymorph (11)
 v - a wand of light (9)
Scrolls
 e - 2 scrolls of torment {unknown}
 f - 4 scrolls of identify {unknown}
 i - a scroll of teleportation {unknown}
 j - a scroll of fear {unknown}
 k - a scroll of vulnerability {unknown}
 l - 4 scrolls of poison {unknown}
 m - a scroll of immolation {unknown}
 o - a scroll of enchant weapon {unknown}
 q - a scroll of fog {unknown}
 s - a scroll of revelation {unknown}
 x - a scroll of amnesia {unknown}
Potions
 b - a potion of magic
 c - 3 potions of curing
 d - a potion of heal wounds {unknown}
 h - a potion of lignification
 n - a potion of resistance {unknown}
 p - 2 potions of degeneration {unknown}
 z - 2 potions of enlightenment {unknown}


   Skills:
 - Level 3.0 Dodging
 - Level 3.0 Stealth
 + Level 6.4 Spellcasting
 + Level 4.7 Conjurations
 + Level 4.0 Air Magic
 + Level 2.2 Earth Magic
 + Level 5.8 Alchemy


You had 6 spell levels left.
You knew the following spells:

 Your Spells              Type           Power      Damage    Failure   Level
a - Sting                 Conj/Alch      100%       1d9       1%          1
b - Mercury Vapours       Alch/Air       54%        N/A       1%          2
c - Mephitic Cloud        Conj/Alch/Air  27%        N/A       3%          3
d - Olgreb's Toxic Radia  Alch           31%        N/A       9%          4
e - Stone Arrow           Conj/Erth      42%        3d9       7%          3

Your spell library contained the following spells:

 Spells                   Type           Power      Damage    Failure   Level
 Sandblast                Erth           32%        2d9       3%          1
 Passwall                 Erth           16%        N/A       11%         3
 Brom's Barrelling Bould  Conj/Erth      21%        2d4       22%         4
 Sticky Flame             Fire/Alch      19%        2d6       28%         4


Dungeon Overview and Level Annotations

Branches:
Dungeon (5/15)
 Temple: D:4-7

Altars:
Dithmenos
Makhleb
Okawaru

Shops:
D:3 [=![

Annotations:
D:3 3 runed translucent doors, Shym's ghost, amateur HOMo


Message History

Items here: ))) [[[.
Found a dagger.
An orc priest comes into view. It is wielding a +0 club.
The orc priest shouts!
Things that are here:
a +2 dagger of pain; a +0 leather armour; an orc corpse
Casting: Olgreb's Toxic Radiance (quite dangerous; 9% risk of failure)
Confirm with . or Enter, or press ? or * to list all spells.
Aiming: Sting (safe; 1% risk of failure)
Press: ? - help, Shift-Dir - straight line, f - orc priest
Aim: an orc priest, wielding a +0 club and wearing a +0 leather armour (78% to hit)
The sting misses the orc priest.
The orc shouts!
The orc priest mumbles some strange prayers to Beogh against you.
Pain shoots through your body!
Casting: Sting (safe; 1% risk of failure)
Confirm with . or Enter, or press ? or * to list all spells.
Aiming: Sting (safe; 1% risk of failure)
Press: ? - help, Shift-Dir - straight line, f/p - orc priest
Aim: an orc priest, wielding a +0 club and wearing a +0 leather armour (78% to hit)
The sting hits the orc priest but does no damage.
The orc priest is poisoned.
Casting: Sting (safe; 1% risk of failure)
Confirm with . or Enter, or press ? or * to list all spells.
Aiming: Sting (safe; 1% risk of failure)
Press: ? - help, Shift-Dir - straight line, f/p - orc priest
Aim: an orc priest, wielding a +0 club and wearing a +0 leather armour (poisoned, 78% to hit)
The sting hits the orc priest.
The orc priest looks even sicker.
The orc priest is moderately wounded.
The orc priest mumbles some strange prayers to Beogh against you.
Beogh smites you!
Casting: Sting (safe; 1% risk of failure)
Confirm with . or Enter, or press ? or * to list all spells.
Aiming: Stone Arrow (dangerous; 7% risk of failure)
Press: ? - help, Shift-Dir - straight line, f/p - orc priest
Aim: an orc priest, wielding a +0 club and wearing a +0 leather armour (moderately wounded, very poisoned, 71% to hit)
The stone arrow misses the orc priest.
The orc priest invokes the aid of Beogh against you.
Beogh smites you!
You die...

######### ........# #
........# .. ........#
... ........#####
###....
............#####.......
†.......###..)..#.....).
........# #####.@.).....
........# ###.......
#####.########


oo).... .............. ....... ...##..###### ....... ## ##.# ....... #.# .......
#.# ....... #.## You could see an orc priest (very poisoned) and an orc.

Vanquished Creatures
  Menkaure (D:5)
  An ice beast (D:5)
  Blork the orc (D:5)
  A bombardier beetle (D:4)
  A howler monkey (D:5)
  A jelly (D:4)
  5 orc priests (D:4)
  Crazy Yiuf (D:3)
  Ijyb (D:4)
  3 iron imps (D:3)
  Natasha (thrice) (D:3)
  An iguana (D:4)
  Robin (D:4)
  3 gnolls (D:3)
  6 adders
  3 worms
  3 dart slugs
  16 orcs
  11 ball pythons
  6 bats
  7 endoplasms
  2 giant cockroaches (D:1)
  14 hobgoblins
  3 jackals (D:1)
  5 kobolds
  3 quokkas
  A frilled lizard (D:1)
  17 goblins
  7 rats
128 creatures vanquished.

Notes
Turn   | Place    | Note
-------+----------+-------------------------------------------
     0 | D:1      | graki42 the Deep Elf Alchemist began the quest for the Orb.
     0 | D:1      | Reached XP level 1. HP: 10/10 MP: 6/6
   207 | D:1      | Reached XP level 2. HP: 15/15 MP: 6/8
   327 | D:1      | Learned a level 2 spell: Mercury Vapours
   790 | D:1      | Reached XP level 3. HP: 19/19 MP: 6/9
   794 | D:1      | Learned a level 3 spell: Mephitic Cloud
  1040 | D:2      | Found a faded altar of an unknown god.
  1777 | D:2      | Reached skill level 1 in Air Magic
  2025 | D:3      | Reached XP level 4. HP: 24/24 MP: 11/11
  2030 | D:3      | Learned a level 4 spell: Olgreb's Toxic Radiance
  2039 | D:3      | Noticed Natasha
  2050 | D:3      | Killed Natasha
  2051 | D:3      | Reached skill level 4 in Spellcasting
  2186 | D:3      | Noticed Natasha
  2197 | D:3      | Killed Natasha
  2308 | D:3      | Found Zoisotef's Jewellery Emporium.
  2367 | D:3      | Found Ofist's Armour Boutique.
  2406 | D:3      | Found Sudown's Distillery.
  2468 | D:3      | Reached XP level 5. HP: 28/28 MP: 7/13
  2812 | D:3      | Found Odysui's Armour Shop.
  2876 | D:3      | Noticed Natasha
  2912 | D:3      | Killed Natasha
  3013 | D:3      | Found a runed translucent gate.
  3016 | D:3      | Noticed Shym's ghost (amateur HOMo)
  3017 | D:3      | Found a runed translucent gate.
  3017 | D:3      | Found a runed translucent gate.
  3234 | D:3      | Found a runed translucent door.
  3235 | D:3      | Noticed Crazy Yiuf
  3368 | D:3      | Found a burning altar of Makhleb.
  3419 | D:3      | Reached XP level 6. HP: 22/32 MP: 4/15
  3508 | D:3      | Reached skill level 5 in Spellcasting
  3626 | D:3      | Killed Crazy Yiuf
  3747 | D:4      | Learned a level 3 spell: Stone Arrow
  3897 | D:4      | Reached skill level 5 in Alchemy
  3906 | D:4      | Reached XP level 7. HP: 19/36 MP: 2/17
  4347 | D:4      | Found an iron altar of Okawaru.
  4360 | D:4      | Noticed Robin
  4370 | D:4      | Killed Robin
  4643 | D:4      | Found a shadowy altar of Dithmenos.
  4684 | D:4      | Noticed Ijyb
  4693 | D:4      | Killed Ijyb
  4694 | D:4      | Reached skill level 1 in Earth Magic
  4824 | D:5      | Entered Level 5 of the Dungeon
  4833 | D:5      | Noticed Blork the orc
  4840 | D:5      | Killed Blork the orc
  4841 | D:5      | Reached skill level 6 in Spellcasting
  5237 | D:5      | Noticed Menkaure
  5240 | D:5      | Killed Menkaure
  5357 | D:5      | Reached XP level 8. HP: 41/41 MP: 14/19
  5369 | D:5      | Killed from afar by an orc priest

Illustrated notes

Levels and vault maps discovered:
D:1:      kennysheep_arrival_seaside, layout_loops_ring,
          nicolae_houndstooth_variations
D:2:      layout_basic, shapermc_ecumenical_altar_ellora, minmay_bisected
D:3:      layout_basic, demons_altar, serial_shops, shop,
          nicolae_shop_pleasant_corner_grove, nicolae_shop_trees, shop,
          biasface_ghost_orc_armoury, hangedman_decor_riveting,
          minmay_snake_closets, uniq_crazy_yiuf_cottage, uniq_natasha
D:4:      layout_loops_ring, nicolae_dithmenos_through_a_glass_darkly,
          mainiacjoe_overflow_brackets, uniq_robin, uniq_ijyb
D:5:      layout_rooms, minmay_temple_entry_poolview, uniq_blork_the_orc,
          uniq_menkaure

Skill      XL: |  1  2  3  4  5  6  7 |
---------------+----------------------+-----
Stealth        | 3 |  3.0
Dodging        | 3 |  3.0
Conjurations   | 2 3 4 |  4.7
Air Magic      | 1 2 3 4 |  4.0
Spellcasting   | 4 5 6 |  6.4
Alchemy        | 4 5 |  5.8
Earth Magic    | 2 |  2.2

Action                     |  1- 3 |  4- 6 |  7- 9 || total
---------------------------+-------+-------+-------++-------
  Melee: Unarmed           |     2 |     6 |       ||     8
         Rapier            |     5 |    14 |       ||    19
         Quarterstaff      |       |     2 |     6 ||     8
   Cast: Sting             |    71 |    91 |    57 ||   219
         Olgreb's Toxic Ra |       |     6 |     3 ||     9
         Mephitic Cloud    |       |     1 |     1 ||     2
         Stone Arrow       |       |       |     5 ||     5
    Use: Potion            |       |     2 |       ||     2
   Stab: Sleeping          |     1 |       |       ||     1
 Armour: Robe              |     8 |    15 |    16 ||    39
         Skin              |       |    23 |       ||    23
  Dodge: Dodged            |    21 |    31 |    16 ||    68

Table legend: (Time is in decaauts)
 A = Elapsed time spent in this place.
 B = Non-inter-level travel time spent in this place.
 C = Inter-level travel time spent in this place.
 D = Time resting spent in this place.
 E = Time spent auto-exploring this place.
 F = Levels seen in this place.
 G = Mean time per level.
                   A        B        C        D        E       F      G
               +--------+--------+--------+--------+--------+-----+--------+
         Total |   5379 |   5267 |    112 |    514 |   3997 |   5 | 1075.8 |
       Dungeon |   5379 |   5267 |    112 |    514 |   3997 |   5 | 1075.8 |
               +--------+--------+--------+--------+--------+-----+--------+

Top non-repeatable levels by time:
     D:3: 1715 daAuts
     D:4: 1091 daAuts
     D:1: 1036 daAuts
     D:2: 990 daAuts
     D:5: 545 daAuts
